 Dungeon Crawl Stone Soup version 0.32-a0-995-gb4a59205af (webtiles) character file.

Game seed: 17577914016740544085

1482 protoss039 the Digger (level 8, -5/63 HPs)
             Began as a Demonspawn Earth Elementalist on Apr 22, 2024.
             Slain by a yak (10 damage)
             ... on level 4 of the Dungeon.
             The game lasted 00:15:26 (6066 turns).

protoss039 the Digger (DsEE)                        Turns: 6066, Time: 00:15:27

Health: -5/63      AC:  3    Str: 13    XL:     8   Next: 50%
Magic:  9/16       EV: 12    Int: 17    God:
Gold:   289        SH:  0    Dex: 14    Spells: 11/18 levels left

rFire   + . .        d - +0 dagger (venom)
rCold   . . .        (no shield)
rNeg    . . .        b - +0 leather armour
rPois   .            (helmet restricted)
rElec   .            (no cloak)
rCorr   .            (no gloves)
SInv    .            (no boots)
Will    .....        (no amulet)
Stlth   ++           n - ring of protection from fire
HPRegen 0.30/turn    s - +6 ring of strength
MPRegen 0.15/turn

%: no passive effects
@: very slightly contaminated
A: antennae 2, powered by death 1, sturdy frame 2, weak 1, MP-powered wands,
noise suppression
a: no special abilities


You were on level 4 of the Dungeon.
You visited 2 branches of the dungeon, and saw 6 of its levels.

You collected 289 gold pieces.

Inventory:

Hand Weapons
 d - a +0 dagger of venom (weapon)
 t - a +1 dagger of draining
Armour
 b - a +0 leather armour (worn)
Jewellery
 a - a ring of see invisible
 n - a ring of protection from fire (left hand)
 s - a +6 ring of strength (right hand)
Wands
 i - a wand of digging (8)
Scrolls
 e - a scroll of poison
 f - a scroll of identify
 g - a scroll of enchant weapon
 j - a scroll of immolation {unknown}
 k - a scroll of enchant armour {unknown}
 l - a scroll of teleportation
 p - a scroll of fog {unknown}
 r - 2 scrolls of amnesia {unknown}
Potions
 c - a potion of lignification
 h - a potion of magic
 m - a potion of brilliance


   Skills:
 + Level 5.5 Fighting
 - Level 3.0 Dodging
 - Level 1.7 Stealth
 + Level 5.5 Spellcasting
 - Level 3.0 Conjurations
 + Level 5.8 Earth Magic


You had 11 spell levels left.
You knew the following spells:

 Your Spells              Type           Power      Damage    Failure   Level
a - Sandblast             Erth           48%        2d12      1%          1
b - Passwall              Erth           24%        N/A       3%          3
c - Stone Arrow           Conj/Erth      38%        3d9       7%          3

Your spell library contained the following spells:

 Spells                   Type           Power      Damage    Failure   Level
 Brom's Barrelling Bould  Conj/Erth      19%        2d4       22%         4
 Animate Armour           Summ/Erth      28%        N/A       38%         4
 Petrify                  Alch/Erth      14%        N/A       38%         4
 Seismic Cannonade        Alch/Erth      7%         6d5       100%        7
 Lehudib's Crystal Spear  Conj/Erth      9%         10d4      100%        8


Dungeon Overview and Level Annotations

Branches:
Dungeon (5/15) Zot: 23817  Temple (1/1) D:4 Zot: 5998

Altars:
Gozag
Hepliaklqana
Makhleb
Nemelex Xobeh
Okawaru
Qazlal
Sif Muna
Trog
Wu Jian
Yredelemnul


Innate Abilities, Weirdness & Mutations

You have a pair of antennae on your head.
You regenerate a little health from kills.
Your movements are less encumbered by armour. (ER -4)
You are weak. (Str -2)
You expend magic power (3 MP) to strengthen your wands.
You passively dampen the noise of your surroundings.


Message History

Casting: Sandblast (safe; 1% risk of failure)
Confirm with . or Enter, or press ? or * to list all spells.
Aiming: Sandblast (safe; 1% risk of failure)
Press: ? - help, Shift-Dir - straight line, f/p - yak
Aim: a yak (heavily wounded, 90% to hit)
Okay, then.
There is a stone staircase leading up here.
Unknown command.
Casting: Sandblast (safe; 1% risk of failure)
Confirm with . or Enter, or press ? or * to list all spells.
Aiming: Sandblast (safe; 1% risk of failure)
Press: ? - help, Shift-Dir - straight line, f/p - yak
Aim: a yak (heavily wounded, 90% to hit)
The blast of sand hits the yak!!
The yak is almost dead.
Unknown command.
The yak gores you! The yak misses you.
You climb upwards.
There is a stone staircase leading down here.
Casting: Sandblast (safe; 1% risk of failure)
Confirm with . or Enter, or press ? or * to list all spells.
Aiming: Sandblast (safe; 1% risk of failure)
Press: ? - help, Shift-Dir - straight line, f - yak
Aim: a yak (almost dead, 90% to hit)
The blast of sand hits the yak.
The yak is almost dead.
The yak gores you! x2
* * * LOW HITPOINT WARNING * * *
The yak barely misses you.
Casting: Sandblast (safe; 1% risk of failure)
Confirm with . or Enter, or press ? or * to list all spells.
Aiming: Stone Arrow (dangerous; 7% risk of failure)
Press: ? - help, Shift-Dir - straight line, f/p - yak
Aim: a yak (almost dead, 81% to hit)
You miscast Stone Arrow.
You are very lightly contaminated with residual magic.
Nothing appears to happen.
The yak gores you.
* * * LOW HITPOINT WARNING * * *
The yak gores you!
You die...

#.....# #(###.#
########.#.#.#
.........#...#
##########.### #.#
#.#
##########.#######
..........<....Y@#
###.###.......##Y#
#......♣♣♣..##.# #
#.##..♣# #♣....#
###.....♣ ♣.##.#
.#....#.♣# #♣.##.#
##..[.#..♣♣♣..##.#
##....#..........#
##......#.#...##.#


You could see 2 yaks.

Vanquished Creatures
  Prince Ribbit (D:5)
  Duvessa (D:4)
  A black bear (D:4)
  An ice beast (D:5)
  A centaur (D:5)
  A phantom (D:5)
  Blork the orc (D:4)
  Dowan (D:4)
  2 bombardier beetles (D:4)
  4 orc priests
  5 hounds (D:5)
  3 jellies
  An iguana (D:5)
  Natasha (D:3)
  3 orc wizards
  An adder (D:2)
  4 gnolls (D:3)
  2 white imps
  3 dart slugs
  15 orcs
  10 ball pythons
  5 bats
  7 endoplasms
  3 giant cockroaches
  7 goblins
  8 hobgoblins
  11 kobolds
  5 quokkas
  5 frilled lizards
  6 rats
119 creatures vanquished.

Notes
Turn   | Place    | Note
-------+----------+-------------------------------------------
     0 | D:1      | protoss039 the Demonspawn Earth Elementalist began the
                  | quest for the Orb.
     0 | D:1      | Reached XP level 1. HP: 13/13 MP: 3/3
   149 | D:1      | Gained mutation: You regenerate a little health from kills.
                  | [demonic ancestry]
   149 | D:1      | Reached XP level 2. HP: 20/20 MP: 0/5
   229 | D:1      | Reached skill level 1 in Fighting
   654 | D:1      | Gained mutation: Your movements are slightly less
                  | encumbered by armour. (ER -2) [demonic ancestry]
   654 | D:1      | Reached XP level 3. HP: 22/26 MP: 2/6
  1039 | D:1      | Learned a level 3 spell: Passwall
  1043 | D:1      | Learned a level 3 spell: Stone Arrow
  1830 | D:2      | Reached XP level 4. HP: 33/33 MP: 5/7
  2583 | D:3      | Gained mutation: Your movements are less encumbered by
                  | armour. (ER -4) [demonic ancestry]
  2583 | D:3      | Reached XP level 5. HP: 38/38 MP: 6/9
  2763 | D:3      | Gained mutation: You are vulnerable to cold. (rC-) [potion
                  | of mutation]
  2763 | D:3      | Gained mutation: You are dopey. (Int -2) [potion of
                  | mutation]
  2763 | D:3      | Gained mutation: You expend magic power (3 MP) to
                  | strengthen your wands. [potion of mutation]
  2778 | D:3      | Lost mutation: You are dopey. (Int -2) [potion of mutation]
  2778 | D:3      | Lost mutation: You are vulnerable to cold. (rC-) [potion of
                  | mutation]
  2778 | D:3      | Gained mutation: You are weak. (Str -2) [potion of
                  | mutation]
  2778 | D:3      | Gained mutation: You passively dampen the noise of your
                  | surroundings. [potion of mutation]
  2984 | D:3      | Found a burning altar of Makhleb.
  3245 | D:4      | Noticed Natasha
  3537 | D:3      | Killed Natasha
  3538 | D:3      | Gained mutation: You have a pair of small antennae on your
                  | head. [demonic ancestry]
  3538 | D:3      | Reached XP level 6. HP: 46/46 MP: 8/10
  4094 | D:4      | Noticed Dowan
  4192 | D:4      | Noticed Blork the orc
  4199 | D:4      | Killed Blork the orc
  4200 | D:4      | Gained mutation: You have a pair of antennae on your head.
                  | [demonic ancestry]
  4200 | D:4      | Reached XP level 7. HP: 52/52 MP: 4/12
  4289 | D:4      | Found a staircase to the Ecumenical Temple.
  4299 | Temple   | Entered the Ecumenical Temple
  4386 | D:4      | Noticed Duvessa
  4400 | D:4      | Killed Dowan
  4558 | D:4      | Killed Duvessa
  4774 | D:4      | Found a bloodstained altar of Trog.
  4872 | D:5      | Entered Level 5 of the Dungeon
  4876 | D:5      | Found a shimmering blue altar of Sif Muna.
  4900 | D:5      | Noticed a yak
  4900 | D:5      | Noticed a yak
  4901 | D:5      | Noticed Prince Ribbit
  4902 | D:5      | Noticed a yak
  4909 | D:5      | Noticed a yak
  4910 | D:5      | Noticed a yak
  4913 | D:5      | Noticed a yak
  5044 | D:5      | Killed Prince Ribbit
  5045 | D:5      | Reached skill level 5 in Earth Magic
  5220 | D:5      | Reached XP level 8. HP: 52/61 MP: 7/15
  5278 | D:5      | Reached skill level 5 in Spellcasting
  5459 | D:5      | Found a sparkling altar of Nemelex Xobeh.
  5465 | D:5      | Reached skill level 5 in Fighting
  6066 | D:4      | Slain by a yak

Illustrated notes

Levels and vault maps discovered:
D:1:      reono_arrival_mine, layout_basic, minmay_tromino_v4_b
D:2:      minmay_general_purpose_star, layout_basic
D:3:      layout_rooms, mainiacjoe_overflow_six_doors_small, marbit_many_paths
D:4:      wander_river, layout_basic, lemuel_crystal_altar,
          minmay_temple_entry_statues_pillars, minmay_stone_trees_small,
          nicolae_figureground_pulse, uniq_blork_the_orc, uniq_duvessa,
          uniq_natasha
D:5:      layout_cave_pools, hangedman_feature_mirror, uniq_prince_ribbit1
Temple:   hellmonk_temple_forest_ring

Skill      XL: |  1  2  3  4  5  6  7  8 |
---------------+-------------------------+-----
Fighting       | 1 2 3 4 5 |  5.5
Earth Magic    | 3 4 5 |  5.8
Dodging        | 2 3 |  3.0
Spellcasting   | 3 4 5 |  5.5
Conjurations   | 2 3 |  3.0
Stealth        | |  1.7

Action                     |  1- 3 |  4- 6 |  7- 9 || total
---------------------------+-------+-------+-------++-------
  Melee: Dagger            |     6 |    57 |    17 ||    80
   Cast: Sandblast         |    74 |    89 |    46 ||   209
         Stone Arrow       |       |     7 |    28 ||    35
    Use: Potion            |     1 |     5 |     4 ||    10
         Scroll            |       |     1 |     8 ||     9
 Armour: Robe              |    44 |    16 |       ||    60
         Leather armour    |       |    62 |    69 ||   131
  Dodge: Dodged            |    32 |    81 |    50 ||   163

Table legend: (Time is in decaauts)
 A = Elapsed time spent in this place.
 B = Non-inter-level travel time spent in this place.
 C = Inter-level travel time spent in this place.
 D = Time resting spent in this place.
 E = Time spent auto-exploring this place.
 F = Levels seen in this place.
 G = Mean time per level.
                   A        B        C        D        E       F      G
               +--------+--------+--------+--------+--------+-----+--------+
         Total |   6183 |   5870 |    313 |   1142 |   3400 |   6 | 1030.5 |
       Dungeon |   6181 |   5868 |    313 |   1142 |   3400 |   5 | 1236.2 |
        Temple |      1 |      1 |      0 |      0 |      0 |   1 |    1.0 |
               +--------+--------+--------+--------+--------+-----+--------+

Top non-repeatable levels by time:
     D:4: 1401 daAuts
     D:2: 1358 daAuts
     D:3: 1265 daAuts
     D:5: 1211 daAuts
     D:1: 945 daAuts
  Temple: 1 daAuts
